[ AOE2 MATCH · #464943684 ]
UnrankedKhmer vs Saracens
[ REPLAY ANALYSIS · EXTRACTED FROM THE RECORDED GAME ]
Feudal
10:20
Castle
19:13
Imperial
34:09
| APM avg | 12.7 |
| APM peak | 36 |
| eAPM avg | 11.1 |
| Villagers / military | 201 / 49 |
Focus
⚔️ 15.9% · 🌾 84.1%
Ballista Elephant ×49 · Trade Cart ×15
Feudal
11:16
Castle
17:17
Imperial
38:02
| APM avg | 12.0 |
| APM peak | 28 |
| eAPM avg | 10.0 |
| Villagers / military | 200 / 186 |
Focus
⚔️ 23.6% · 🌾 76.4%
Spearman ×76 · Skirmisher ×64 · Camel Scout ×42 · Trade Cart ×19 · Mameluke ×4
Feudal
—
Castle
—
Imperial
—
| APM avg | 8.1 |
| APM peak | 31 |
| eAPM avg | 7.1 |
| Villagers / military | 130 / 90 |
Focus
⚔️ 18.0% · 🌾 82.0%
Samurai ×90 · Trade Cart ×44
Feudal
9:01
Castle
15:56
Imperial
32:58
| APM avg | 16.3 |
| APM peak | 45 |
| eAPM avg | 15.3 |
| Villagers / military | 208 / 462 |
Focus
⚔️ 37.4% · 🌾 62.6%
Spearman ×217 · Leitis ×83 · Archer ×80 · Skirmisher ×51 · Hand Cannoneer ×22 · Scorpion ×5
Feudal
12:20
Castle
17:09
Imperial
43:39
| APM avg | 11.0 |
| APM peak | 26 |
| eAPM avg | 10.4 |
| Villagers / military | 178 / 261 |
Focus
⚔️ 29.7% · 🌾 70.3%
Skirmisher ×114 · Spearman ×63 · Archer ×40 · Cavalry Archer ×37 · Trade Cart ×36 · Ballista Elephant ×7
Feudal
10:09
Castle
21:47
Imperial
38:38
| APM avg | 9.4 |
| APM peak | 26 |
| eAPM avg | 7.8 |
| Villagers / military | 68 / 99 |
Focus
⚔️ 37.8% · 🌾 62.2%
Archer ×26 · Militia ×26 · Hand Cannoneer ×24 · Hussite Wagon ×18 · Trade Cart ×4 · Trebuchet (Packed) ×3
Feudal
—
Castle
—
Imperial
—
| APM avg | 51.6 |
| APM peak | 205 |
| eAPM avg | 51.3 |
| Villagers / military | 110 / 75 |
Focus
⚔️ 3.0% · 🌾 97.0%
Teutonic Knight ×75 · Trade Cart ×24
Feudal
8:28
Castle
12:05
Imperial
28:03
| APM avg | 46.0 |
| APM peak | 131 |
| eAPM avg | 35.4 |
| Villagers / military | 288 / 525 |
Focus
⚔️ 23.3% · 🌾 76.7%
Elephant Archer ×507 · Trade Cart ×74 · Trebuchet (Packed) ×8 · Mangonel ×5 · Archer ×2 · Monk ×1
Match map
Resources at game start + every placement click. Thick line = wall · dashed box = detected house wall. 🟡 gold · ⚪ stone · 🟢 berries · 🔶 boar · ⭕ relic
Inputs per minute
— IsaacNewton - - EL GORDO FUERTE
Build order — IsaacNewton
First 150 of 402 actions detected
| 0:14 | Research | Loom |
| 0:15 | Create | Villager (Male) |
| 0:15 | Create | Villager (Male) |
| 0:16 | Create | Villager (Male) |
| 0:16 | Create | Villager (Male) |
| 0:16 | Create | Villager (Male) |
| 1:08 | Create | Villager (Male) |
| 1:26 | Build | House |
| 1:42 | Build | House |
| 1:52 | Create | Villager (Male) |
| 1:53 | Create | Villager (Male) |
| 3:16 | Create | Villager (Male) |
| 3:16 | Create | Villager (Male) |
| 3:17 | Create | Villager (Male) |
| 3:23 | Build | House |
| 3:25 | Build | House |
| 3:26 | Build | House |
| 3:33 | Build | Lumber Camp |
| 3:50 | Create | Villager (Male) |
| 4:11 | Build | Mill |
| 4:17 | Create | Villager (Male) |
| 4:17 | Create | Villager (Male) |
| 6:39 | Build | Lumber Camp |
| 6:47 | Create | Villager (Male) |
| 6:47 | Create | Villager (Male) |
| 8:10 | Research | Feudal Age |
| 9:44 | Create | Villager (Male) |
| 9:44 | Create | Villager (Male) |
| 9:45 | Create | Villager (Male) |
| 9:45 | Create | Villager (Male) |
| 10:08 | Build | House |
| 10:09 | Build | House |
| 10:14 | Build | House |
| 10:15 | Build | House |
| 10:20 | Age | Feudal Age |
| 10:29 | Build | Market |
| 10:31 | Build | Market |
| 10:35 | Build | Palisade Wall |
| 10:39 | Research | Wheelbarrow |
| 11:10 | Research | Horse Collar |
| 11:16 | Research | Double-Bit Axe |
| 11:29 | Build | Mining Camp |
| 12:20 | Build | Mining Camp |
| 12:41 | Research | Gold Mining |
| 12:57 | Create | Villager (Male) |
| 12:57 | Create | Villager (Male) |
| 13:43 | Build | Farm |
| 13:45 | Build | Farm |
| 13:47 | Build | Farm |
| 14:18 | Create | Villager (Male) |
| 14:18 | Create | Villager (Male) |
| 14:38 | Build | Farm |
| 14:40 | Build | Farm |
| 15:18 | Build | Lumber Camp |
| 15:38 | Build | Mining Camp |
| 15:58 | Build | Farm |
| 16:02 | Build | Farm |
| 16:03 | Build | Farm |
| 16:04 | Build | Farm |
| 16:06 | Build | Farm |
| 16:16 | Build | Farm |
| 16:18 | Build | Farm |
| 16:19 | Build | Farm |
| 16:20 | Build | Farm |
| 16:22 | Build | Farm |
| 16:23 | Build | Farm |
| 16:26 | Build | Farm |
| 16:33 | Research | Castle Age |
| 17:13 | Create | Trade Cart |
| 17:21 | Create | Trade Cart |
| 17:40 | Research | Stone Mining |
| 18:33 | Create | Villager (Male) |
| 18:33 | Create | Villager (Male) |
| 18:34 | Create | Villager (Male) |
| 18:34 | Create | Villager (Male) |
| 18:35 | Create | Villager (Male) |
| 18:36 | Create | Villager (Male) |
| 19:13 | Age | Castle Age |
| 19:19 | Build | Town Center |
| 19:26 | Build | Farm |
| 19:28 | Build | Farm |
| 20:04 | Research | Hand Cart |
| 20:35 | Research | Bow Saw |
| 20:47 | Build | House |
| 20:48 | Build | House |
| 21:00 | Create | Villager (Male) |
| 21:00 | Create | Villager (Male) |
| 21:01 | Create | Villager (Male) |
| 22:14 | Build | Mining Camp |
| 22:31 | Research | Heavy Plow |
| 22:41 | Create | Villager (Male) |
| 22:42 | Create | Villager (Male) |
| 22:42 | Create | Villager (Male) |
| 22:42 | Create | Villager (Male) |
| 22:43 | Create | Villager (Male) |
| 22:43 | Create | Villager (Male) |
| 22:43 | Create | Villager (Male) |
| 22:44 | Create | Villager (Male) |
| 22:44 | Create | Villager (Male) |
| 22:44 | Create | Villager (Male) |
| 22:44 | Create | Villager (Male) |
| 22:45 | Create | Villager (Male) |
| 22:50 | Create | Villager (Male) |
| 22:50 | Create | Villager (Male) |
| 22:51 | Create | Villager (Male) |
| 22:51 | Create | Villager (Male) |
| 22:51 | Create | Villager (Male) |
| 23:55 | Build | Town Center |
| 24:42 | Build | Mining Camp |
| 24:58 | Create | Villager (Male) |
| 24:58 | Create | Villager (Male) |
| 24:58 | Create | Villager (Male) |
| 24:59 | Create | Villager (Male) |
| 25:28 | Build | Castle |
| 25:34 | Create | Villager (Male) |
| 25:35 | Create | Villager (Male) |
| 25:35 | Create | Villager (Male) |
| 25:35 | Create | Villager (Male) |
| 25:49 | Research | Stone Shaft Mining |
| 25:55 | Research | Gold Shaft Mining |
| 26:07 | Build | Lumber Camp |
| 26:33 | Create | Villager (Male) |
| 26:34 | Create | Villager (Male) |
| 26:34 | Create | Villager (Male) |
| 26:35 | Create | Villager (Male) ×5 |
| 26:35 | Create | Villager (Male) ×5 |
| 26:35 | Create | Villager (Male) ×2 |
| 26:59 | Build | Town Center |
| 27:12 | Create | Villager (Male) |
| 27:12 | Create | Villager (Male) |
| 27:13 | Create | Villager (Male) |
| 27:13 | Create | Villager (Male) |
| 27:13 | Create | Villager (Male) |
| 27:14 | Create | Villager (Male) |
| 27:14 | Create | Villager (Male) |
| 27:14 | Create | Villager (Male) |
| 27:35 | Build | House |
| 27:36 | Build | House |
| 27:37 | Build | House |
| 27:38 | Build | House |
| 27:39 | Build | House |
| 27:41 | Build | House |
| 27:51 | Build | Building 487 |
| 27:59 | Build | House |
| 28:00 | Build | House |
| 28:00 | Build | House |
| 28:02 | Build | House |
| 28:03 | Build | House |
| 28:04 | Build | House |
| 28:06 | Build | House |
Build order — EL GORDO FUERTE
First 150 of 312 actions detected
| 0:21 | Create | Villager (Male) ×4 |
| 0:21 | Create | Villager (Male) ×4 |
| 0:46 | Build | House |
| 0:47 | Build | House |
| 0:55 | Build | House |
| 0:57 | Build | House |
| 0:59 | Build | House |
| 1:00 | Build | House |
| 1:19 | Create | Villager (Male) |
| 2:04 | Create | Villager (Male) |
| 2:04 | Create | Villager (Male) |
| 2:05 | Create | Villager (Male) |
| 2:05 | Create | Villager (Male) |
| 2:48 | Create | Villager (Male) |
| 2:49 | Create | Villager (Male) |
| 3:58 | Build | Mill |
| 4:02 | Create | Villager (Male) |
| 4:02 | Create | Villager (Male) |
| 4:03 | Create | Villager (Male) |
| 4:03 | Create | Villager (Male) |
| 4:03 | Create | Villager (Male) |
| 4:04 | Create | Villager (Male) |
| 4:44 | Create | Villager (Male) |
| 4:44 | Create | Villager (Male) |
| 5:33 | Create | Villager (Male) |
| 5:34 | Create | Villager (Male) |
| 6:19 | Build | Lumber Camp |
| 6:23 | Create | Villager (Male) ×2 |
| 8:01 | Create | Villager (Male) |
| 8:03 | Create | Villager (Male) |
| 8:14 | Build | Lumber Camp |
| 8:56 | Research | Feudal Age |
| 9:11 | Build | Farm |
| 9:11 | Build | Farm |
| 9:11 | Build | Farm |
| 9:12 | Build | Farm |
| 9:12 | Build | Farm |
| 9:12 | Build | Farm |
| 9:13 | Build | Farm |
| 9:16 | Build | Farm |
| 11:06 | Create | Villager (Male) ×5 |
| 11:06 | Create | Villager (Male) |
| 11:07 | Create | Villager (Male) |
| 11:09 | Create | Villager (Male) |
| 11:16 | Age | Feudal Age |
| 11:45 | Build | Market |
| 11:47 | Build | Market |
| 11:52 | Build | Lumber Camp |
| 12:08 | Build | Mining Camp |
| 12:44 | Build | Blacksmith |
| 12:50 | Build | House |
| 12:51 | Build | House |
| 12:52 | Build | House |
| 12:54 | Build | House |
| 13:52 | Build | Farm |
| 13:54 | Build | Farm |
| 14:07 | Research | Castle Age |
| 14:25 | Research | Horse Collar |
| 14:30 | Build | Farm |
| 14:30 | Build | Farm |
| 14:30 | Build | Farm |
| 14:31 | Build | Farm |
| 14:32 | Build | Farm |
| 14:39 | Research | Double-Bit Axe |
| 14:45 | Research | Gold Mining |
| 15:03 | Build | Mining Camp |
| 15:43 | Research | Stone Mining |
| 17:09 | Create | Villager (Male) ×5 |
| 17:10 | Create | Villager (Male) ×5 |
| 17:17 | Age | Castle Age |
| 17:48 | Build | Town Center |
| 18:00 | Build | Town Center |
| 18:14 | Build | Farm |
| 18:15 | Build | Farm |
| 19:09 | Build | Farm |
| 19:10 | Build | Farm |
| 19:18 | Research | Wheelbarrow |
| 19:23 | Create | Villager (Male) ×5 |
| 19:34 | Build | Farm |
| 19:52 | Research | Heavy Plow |
| 19:58 | Build | Farm |
| 20:02 | Create | Villager (Male) |
| 20:10 | Build | Farm |
| 20:17 | Create | Villager (Male) ×5 |
| 20:26 | Build | Farm |
| 20:45 | Build | Farm |
| 20:47 | Build | Farm |
| 20:52 | Create | Villager (Male) |
| 21:06 | Build | Farm |
| 21:11 | Build | Farm |
| 21:21 | Build | Farm |
| 21:32 | Build | Farm |
| 21:36 | Create | Villager (Male) ×5 |
| 21:45 | Build | Farm |
| 21:50 | Create | Villager (Male) ×5 |
| 22:04 | Build | Farm |
| 22:11 | Research | Bow Saw |
| 22:22 | Build | Town Center |
| 22:38 | Build | Farm |
| 22:40 | Build | Farm |
| 22:49 | Build | Farm |
| 23:17 | Build | Farm |
| 23:22 | Create | Villager (Male) ×5 |
| 23:27 | Research | Hand Cart |
| 23:28 | Create | Villager (Male) ×5 |
| 23:51 | Build | House |
| 23:52 | Build | House |
| 23:53 | Build | House |
| 23:54 | Build | House |
| 23:56 | Build | House |
| 23:57 | Build | House |
| 23:58 | Build | House |
| 23:59 | Build | House |
| 24:00 | Build | House |
| 24:01 | Build | House |
| 24:02 | Build | House |
| 24:02 | Build | House |
| 24:17 | Build | Farm |
| 24:19 | Build | Farm |
| 24:30 | Build | Farm |
| 24:34 | Create | Villager (Male) |
| 24:34 | Create | Villager (Male) |
| 24:42 | Create | Villager (Male) ×5 |
| 24:48 | Create | Villager (Male) |
| 24:52 | Create | Villager (Male) ×5 |
| 24:52 | Create | Villager (Male) ×5 |
| 25:05 | Build | Farm |
| 25:18 | Build | Farm |
| 25:40 | Build | Farm |
| 25:41 | Build | Farm |
| 25:46 | Build | Farm |
| 25:52 | Create | Villager (Male) |
| 26:23 | Create | Villager (Male) ×5 |
| 26:40 | Build | Farm |
| 26:41 | Build | Farm |
| 26:42 | Build | Farm |
| 26:54 | Research | Town Watch |
| 26:54 | Create | Villager (Male) ×5 |
| 27:03 | Build | Farm |
| 27:04 | Build | Farm |
| 27:06 | Build | Farm |
| 27:15 | Research | Gold Shaft Mining |
| 27:42 | Build | Barracks |
| 27:44 | Build | Barracks |
| 27:45 | Build | Barracks |
| 27:46 | Build | Barracks |
| 27:47 | Build | Barracks |
| 27:58 | Create | Villager (Male) ×5 |
| 28:09 | Create | Villager (Male) ×5 |
| 28:14 | Create | Villager (Male) ×5 |
Build order — GBezerra7430
First 150 of 235 actions detected
| 0:42 | Build | House |
| 0:45 | Build | House |
| 0:48 | Build | House |
| 1:11 | Create | Villager (Male) |
| 1:11 | Create | Villager (Male) |
| 1:11 | Create | Villager (Male) |
| 1:12 | Create | Villager (Male) |
| 1:12 | Create | Villager (Male) |
| 1:52 | Create | Villager (Male) |
| 1:52 | Create | Villager (Male) |
| 1:53 | Create | Villager (Male) |
| 2:04 | Build | Lumber Camp |
| 2:24 | Create | Villager (Male) |
| 4:07 | Create | Villager (Male) |
| 4:07 | Create | Villager (Male) |
| 6:14 | Create | Villager (Male) |
| 6:15 | Create | Villager (Male) |
| 6:15 | Create | Villager (Male) |
| 6:45 | Build | Mill |
| 7:50 | Create | Villager (Male) |
| 7:51 | Create | Villager (Male) |
| 7:51 | Create | Villager (Male) |
| 7:51 | Create | Villager (Male) |
| 7:52 | Create | Villager (Male) |
| 7:52 | Create | Villager (Male) |
| 9:23 | Research | Loom |
| 9:46 | Build | House |
| 9:55 | Build | House |
| 9:56 | Build | House |
| 10:04 | Research | Feudal Age |
| 10:05 | Create | Villager (Male) ×3 |
| 10:34 | Research | Loom |
| 10:54 | Build | Mining Camp |
| 11:03 | Build | Mining Camp |
| 11:16 | Create | Villager (Male) |
| 11:16 | Create | Villager (Male) |
| 11:17 | Create | Villager (Male) |
| 13:14 | Research | Wheelbarrow |
| 13:54 | Build | Farm |
| 13:54 | Build | Farm |
| 13:55 | Build | Farm |
| 13:55 | Build | Farm |
| 13:56 | Build | Farm |
| 13:56 | Build | Farm |
| 14:40 | Build | Blacksmith |
| 15:10 | Build | Market |
| 15:21 | Build | Lumber Camp |
| 15:49 | Create | Villager (Male) ×5 |
| 15:49 | Create | Villager (Male) |
| 16:37 | Build | Mining Camp |
| 17:01 | Build | Mining Camp |
| 17:19 | Research | Town Watch |
| 17:20 | Create | Villager (Male) ×5 |
| 18:09 | Research | Double-Bit Axe |
| 18:17 | Research | Horse Collar |
| 19:03 | Build | Lumber Camp |
| 19:46 | Create | Villager (Male) ×5 |
| 19:46 | Create | Villager (Male) |
| 20:30 | Research | Gold Mining |
| 20:31 | Research | Stone Mining |
| 20:49 | Build | House |
| 20:55 | Build | House |
| 20:57 | Build | House |
| 21:02 | Build | House |
| 21:03 | Build | House |
| 21:06 | Build | House |
| 21:08 | Build | House |
| 21:29 | Create | Villager (Male) ×5 |
| 21:29 | Create | Villager (Male) |
| 21:48 | Build | Farm |
| 21:49 | Build | Farm |
| 21:50 | Build | Farm |
| 21:50 | Build | Farm |
| 21:51 | Build | Farm |
| 21:52 | Build | Farm |
| 23:43 | Research | Castle Age |
| 24:16 | Build | Lumber Camp |
| 24:55 | Create | Villager (Male) ×5 |
| 24:55 | Create | Villager (Male) |
| 26:48 | Build | Town Center |
| 27:26 | Build | Town Center |
| 27:58 | Build | Town Center |
| 29:27 | Research | Hand Cart |
| 29:27 | Create | Villager (Male) ×5 |
| 29:28 | Create | Villager (Male) ×5 |
| 29:28 | Create | Villager (Male) ×5 |
| 29:28 | Create | Villager (Male) ×4 |
| 29:29 | Create | Villager (Male) ×4 |
| 30:06 | Build | Town Center |
| 30:54 | Create | Villager (Male) ×5 |
| 30:55 | Create | Villager (Male) ×3 |
| 30:55 | Create | Villager (Male) ×3 |
| 31:27 | Build | Market |
| 31:30 | Build | Market |
| 31:32 | Build | Market |
| 31:40 | Build | Market |
| 31:42 | Build | Market |
| 32:12 | Research | Coinage |
| 32:14 | Create | Trade Cart ×5 |
| 32:14 | Create | Trade Cart ×5 |
| 32:14 | Create | Trade Cart ×4 |
| 32:59 | Research | Caravan |
| 33:27 | Build | Castle |
| 33:43 | Build | Castle |
| 33:51 | Build | Castle |
| 33:56 | Build | Castle |
| 33:59 | Build | Castle |
| 34:04 | Build | Castle |
| 34:20 | Create | Villager (Male) ×5 |
| 34:20 | Create | Villager (Male) ×5 |
| 34:21 | Create | Villager (Male) ×5 |
| 34:21 | Create | Villager (Male) ×5 |
| 35:05 | Create | Trade Cart ×5 |
| 35:05 | Create | Trade Cart ×5 |
| 35:06 | Create | Trade Cart ×5 |
| 35:06 | Create | Trade Cart ×5 |
| 35:06 | Create | Trade Cart ×5 |
| 35:07 | Create | Trade Cart ×5 |
| 35:47 | Create | Samurai ×5 |
| 35:48 | Create | Samurai |
| 36:13 | Research | Padded Archer Armor |
| 36:13 | Research | Fletching |
| 36:26 | Build | University |
| 36:40 | Build | Farm |
| 36:40 | Build | Farm |
| 36:41 | Build | Farm |
| 36:41 | Build | Farm |
| 36:42 | Build | Farm |
| 36:42 | Build | Farm |
| 36:43 | Build | Farm |
| 36:43 | Build | Farm |
| 36:43 | Build | Farm |
| 36:44 | Build | Farm |
| 36:44 | Build | Farm |
| 36:45 | Build | Farm |
| 36:56 | Create | Samurai ×3 |
| 37:29 | Create | Villager (Male) ×3 |
| 37:48 | Build | Lumber Camp |
| 38:37 | Research | Treadmill Crane |
| 38:39 | Research | Ballistics |
| 38:41 | Research | Guard Tower (upgrade) |
| 38:43 | Research | Fortified Wall (upgrade) |
| 38:44 | Research | Murder Holes |
| 38:45 | Research | Masonry |
| 39:19 | Create | Villager (Male) ×5 |
| 39:20 | Create | Villager (Male) |
| 39:39 | Build | House |
| 39:50 | Build | House |
| 39:51 | Build | House |
| 39:53 | Build | House |
Build order — Dr. Amiguinho
First 150 of 506 actions detected
| 0:06 | Research | Loom |
| 0:07 | Create | Villager (Male) ×5 |
| 0:07 | Create | Villager (Male) |
| 0:13 | Build | House |
| 0:14 | Build | House |
| 0:15 | Build | House |
| 0:17 | Build | House |
| 0:18 | Build | House |
| 1:31 | Create | Villager (Male) ×2 |
| 2:27 | Create | Villager (Male) ×2 |
| 2:27 | Create | Villager (Male) |
| 3:04 | Build | Lumber Camp |
| 3:42 | Create | Villager (Male) |
| 3:43 | Create | Villager (Male) |
| 5:42 | Build | Mill |
| 5:51 | Create | Villager (Male) |
| 6:21 | Build | Mill |
| 6:26 | Create | Villager (Male) |
| 6:47 | Research | Feudal Age |
| 8:41 | Create | Villager (Male) |
| 8:41 | Create | Villager (Male) |
| 9:01 | Age | Feudal Age |
| 9:26 | Build | Mining Camp |
| 9:34 | Create | Villager (Male) |
| 9:35 | Create | Villager (Male) |
| 10:12 | Build | Market |
| 10:37 | Create | Villager (Male) |
| 10:57 | Build | Blacksmith |
| 11:02 | Create | Villager (Male) |
| 11:15 | Build | Farm |
| 11:22 | Build | Farm |
| 11:22 | Build | Farm |
| 11:23 | Build | Farm |
| 11:23 | Build | Farm |
| 11:29 | Create | Villager (Male) |
| 11:43 | Build | House |
| 11:44 | Build | House |
| 11:46 | Build | House |
| 11:49 | Build | House |
| 11:50 | Build | House |
| 11:52 | Build | House |
| 12:07 | Create | Villager (Male) |
| 12:36 | Create | Villager (Male) |
| 12:51 | Build | Farm |
| 13:16 | Research | Castle Age |
| 13:41 | Build | Mining Camp |
| 13:55 | Research | Double-Bit Axe |
| 14:00 | Research | Horse Collar |
| 14:20 | Build | House |
| 14:21 | Build | House |
| 14:23 | Build | House |
| 14:24 | Build | House |
| 14:26 | Build | House |
| 14:26 | Build | House |
| 14:27 | Build | House |
| 14:29 | Build | House |
| 14:32 | Build | House |
| 14:33 | Build | House |
| 15:56 | Age | Castle Age |
| 16:01 | Create | Villager (Male) |
| 16:02 | Create | Villager (Male) |
| 16:02 | Create | Villager (Male) |
| 16:16 | Build | Town Center |
| 16:19 | Build | Town Center |
| 16:33 | Research | Bow Saw |
| 17:12 | Build | Town Center |
| 17:27 | Create | Villager (Male) ×5 |
| 17:36 | Create | Villager (Male) |
| 17:36 | Create | Villager (Male) |
| 17:53 | Research | Heavy Plow |
| 18:03 | Build | House |
| 18:04 | Build | House |
| 18:06 | Build | House |
| 18:07 | Build | House |
| 18:08 | Build | House |
| 18:09 | Build | House |
| 18:11 | Build | House |
| 18:12 | Build | House |
| 18:13 | Build | House |
| 18:14 | Build | House |
| 18:16 | Build | House |
| 18:22 | Research | Wheelbarrow |
| 18:24 | Create | Villager (Male) |
| 18:43 | Create | Villager (Male) |
| 18:54 | Create | Villager (Male) ×2 |
| 19:17 | Build | Farm |
| 19:17 | Build | Farm |
| 19:18 | Build | Farm |
| 19:18 | Build | Farm |
| 19:18 | Build | Farm |
| 19:18 | Build | Farm |
| 19:19 | Build | Farm |
| 19:19 | Build | Farm |
| 19:19 | Build | Farm |
| 19:20 | Build | Farm |
| 19:20 | Build | Farm |
| 19:20 | Build | Farm |
| 19:24 | Create | Villager (Male) ×2 |
| 19:50 | Create | Villager (Male) |
| 19:58 | Build | Farm |
| 19:59 | Build | Farm |
| 20:13 | Create | Villager (Male) |
| 20:30 | Build | Town Center |
| 20:37 | Create | Villager (Male) ×2 |
| 20:43 | Build | House |
| 20:44 | Build | House |
| 20:46 | Build | House |
| 20:47 | Build | House |
| 20:49 | Build | House |
| 20:51 | Build | House |
| 20:51 | Build | House |
| 20:53 | Build | House |
| 20:54 | Build | House |
| 20:56 | Build | House |
| 20:57 | Build | House |
| 21:09 | Create | Villager (Male) ×3 |
| 21:13 | Create | Villager (Male) |
| 21:23 | Build | University |
| 21:33 | Create | Villager (Male) ×2 |
| 21:47 | Build | Monastery |
| 21:54 | Create | Villager (Male) ×3 |
| 22:02 | Create | Villager (Male) ×3 |
| 22:18 | Create | Villager (Male) |
| 22:18 | Create | Villager (Male) |
| 22:30 | Create | Villager (Male) |
| 22:41 | Create | Villager (Male) |
| 22:44 | Research | Treadmill Crane |
| 22:56 | Build | Farm |
| 22:56 | Build | Farm |
| 22:56 | Build | Farm |
| 22:57 | Build | Farm |
| 22:57 | Build | Farm |
| 23:00 | Build | Farm |
| 23:00 | Build | Farm |
| 23:01 | Build | Farm |
| 23:01 | Build | Farm |
| 23:01 | Build | Farm |
| 23:02 | Build | Farm |
| 23:03 | Build | Farm |
| 23:03 | Build | Farm |
| 23:03 | Build | Farm |
| 23:04 | Build | Farm |
| 23:04 | Build | Farm |
| 23:04 | Build | Farm |
| 23:05 | Build | Farm |
| 23:05 | Build | Farm |
| 23:07 | Build | Farm |
| 23:07 | Build | Farm |
| 23:07 | Build | Farm |
| 23:08 | Build | Farm |
Build order — SHILLINHO
First 150 of 356 actions detected
| 0:08 | Create | Villager (Male) ×4 |
| 0:09 | Research | Loom |
| 0:50 | Build | House |
| 0:52 | Build | House |
| 0:53 | Build | House |
| 0:55 | Build | House |
| 1:01 | Build | Mining Camp |
| 1:12 | Create | Villager (Male) |
| 2:16 | Create | Villager (Male) ×4 |
| 4:54 | Create | Villager (Male) |
| 4:55 | Create | Villager (Male) |
| 4:55 | Create | Villager (Male) |
| 4:56 | Create | Villager (Male) |
| 4:56 | Create | Villager (Male) |
| 5:05 | Build | Mill |
| 6:13 | Build | Lumber Camp |
| 6:22 | Create | Villager (Male) ×5 |
| 6:51 | Create | Villager (Male) ×2 |
| 7:08 | Build | Mill |
| 10:10 | Research | Feudal Age |
| 10:17 | Create | Villager (Male) |
| 10:17 | Create | Villager (Male) |
| 10:35 | Build | Farm |
| 10:35 | Build | Farm |
| 10:36 | Build | Farm |
| 10:36 | Build | Farm |
| 10:36 | Build | Farm |
| 10:37 | Build | Farm |
| 10:37 | Build | Farm |
| 10:37 | Build | Farm |
| 10:38 | Build | Farm |
| 12:20 | Age | Feudal Age |
| 14:24 | Build | Lumber Camp |
| 14:29 | Research | Castle Age |
| 14:30 | Research | Wheelbarrow |
| 14:43 | Build | Farm |
| 14:43 | Build | Farm |
| 14:44 | Build | Farm |
| 14:44 | Build | Farm |
| 14:44 | Build | Farm |
| 14:45 | Build | Farm |
| 14:45 | Build | Farm |
| 15:24 | Build | House |
| 15:27 | Build | House |
| 15:29 | Build | House |
| 15:31 | Build | House |
| 15:32 | Build | House |
| 16:29 | Build | Mining Camp |
| 17:09 | Age | Castle Age |
| 17:21 | Create | Villager (Male) |
| 17:21 | Create | Villager (Male) |
| 17:22 | Create | Villager (Male) |
| 17:50 | Build | Market |
| 17:52 | Build | Market |
| 18:13 | Build | Town Center |
| 18:41 | Build | Monastery |
| 19:40 | Create | Villager (Male) |
| 19:41 | Create | Villager (Male) |
| 19:41 | Create | Villager (Male) |
| 20:36 | Create | Villager (Male) |
| 20:36 | Create | Villager (Male) |
| 20:43 | Create | Villager (Male) |
| 20:43 | Create | Villager (Male) |
| 21:19 | Research | Double-Bit Axe |
| 21:26 | Research | Horse Collar |
| 21:29 | Create | Villager (Male) |
| 21:30 | Create | Villager (Male) |
| 21:36 | Create | Villager (Male) |
| 21:36 | Create | Villager (Male) |
| 22:04 | Research | Hand Cart |
| 22:11 | Research | Stone Mining |
| 22:12 | Research | Gold Mining |
| 22:25 | Create | Villager (Male) |
| 22:25 | Create | Villager (Male) |
| 22:25 | Create | Villager (Male) |
| 22:26 | Create | Villager (Male) |
| 22:49 | Build | Town Center |
| 23:10 | Research | Bow Saw |
| 23:30 | Build | Town Center |
| 23:49 | Create | Villager (Male) ×5 |
| 24:17 | Research | Heavy Plow |
| 24:30 | Build | Town Center |
| 24:31 | Build | Town Center |
| 24:44 | Create | Villager (Male) ×5 |
| 25:30 | Build | Town Center |
| 25:39 | Create | Villager (Male) ×5 |
| 25:42 | Create | Villager (Male) ×5 |
| 25:51 | Build | Farm |
| 25:51 | Build | Farm |
| 25:52 | Build | Farm |
| 25:52 | Build | Farm |
| 25:52 | Build | Farm |
| 25:53 | Build | Farm |
| 26:11 | Build | Town Center |
| 26:23 | Research | Caravan |
| 26:24 | Create | Trade Cart ×2 |
| 27:10 | Build | Town Center |
| 27:43 | Build | Mining Camp |
| 28:06 | Create | Villager (Male) ×5 |
| 28:13 | Create | Trade Cart ×5 |
| 28:31 | Build | Market |
| 28:32 | Build | Market |
| 28:34 | Build | Market |
| 28:39 | Build | House |
| 28:40 | Build | House |
| 28:41 | Build | House |
| 28:43 | Build | House |
| 28:44 | Build | House |
| 28:45 | Build | House |
| 28:46 | Build | House |
| 28:47 | Build | House |
| 29:05 | Create | Villager (Male) ×5 |
| 29:08 | Create | Villager (Male) ×5 |
| 29:08 | Create | Villager (Male) ×5 |
| 29:21 | Build | University |
| 29:27 | Create | Villager (Male) ×5 |
| 29:36 | Build | Farm |
| 29:36 | Build | Farm |
| 29:37 | Build | Farm |
| 29:37 | Build | Farm |
| 29:37 | Build | Farm |
| 29:38 | Build | Farm |
| 29:38 | Build | Farm |
| 29:46 | Build | House |
| 29:48 | Build | House |
| 29:49 | Build | House |
| 29:50 | Build | House |
| 30:26 | Build | Outpost |
| 30:30 | Build | Outpost |
| 30:33 | Build | Outpost |
| 30:36 | Build | Outpost |
| 30:38 | Build | Outpost |
| 30:41 | Build | Outpost |
| 30:48 | Research | Town Watch |
| 30:49 | Create | Villager (Male) ×5 |
| 30:49 | Create | Villager (Male) ×5 |
| 31:02 | Build | Barracks |
| 31:04 | Build | Barracks |
| 31:06 | Build | Barracks |
| 31:25 | Build | Castle |
| 31:33 | Create | Villager (Male) ×5 |
| 31:34 | Create | Villager (Male) ×2 |
| 31:40 | Create | Trade Cart ×4 |
| 31:57 | Build | House |
| 31:59 | Build | House |
| 32:01 | Build | House |
| 32:02 | Build | House |
| 32:04 | Build | House |
| 32:05 | Build | House |
| 32:23 | Create | Villager (Male) ×5 |
Build order — Neo
First 150 of 272 actions detected
| 0:13 | Research | Loom |
| 0:14 | Create | Villager (Male) |
| 0:36 | Build | Mill |
| 0:45 | Build | Lumber Camp |
| 1:27 | Create | Villager (Male) |
| 1:28 | Create | Villager (Male) |
| 1:28 | Create | Villager (Male) |
| 1:28 | Create | Villager (Male) |
| 2:08 | Create | Villager (Male) |
| 2:09 | Create | Villager (Male) |
| 2:48 | Create | Villager (Male) |
| 2:48 | Create | Villager (Male) |
| 3:24 | Build | House |
| 3:26 | Build | House |
| 3:27 | Build | House |
| 3:30 | Build | House |
| 3:31 | Build | House |
| 3:33 | Build | House |
| 5:00 | Create | Villager (Male) |
| 5:00 | Create | Villager (Male) |
| 5:00 | Create | Villager (Male) |
| 5:01 | Create | Villager (Male) |
| 5:01 | Create | Villager (Male) |
| 6:09 | Build | Farm |
| 6:18 | Build | Farm |
| 6:28 | Build | Farm |
| 6:38 | Build | Farm |
| 6:52 | Build | Mining Camp |
| 7:02 | Build | House |
| 7:05 | Build | House |
| 7:07 | Build | House |
| 7:09 | Build | House |
| 7:59 | Research | Feudal Age |
| 8:40 | Build | House |
| 8:42 | Build | House |
| 8:44 | Build | House |
| 9:52 | Build | Farm |
| 10:03 | Build | Farm |
| 10:09 | Age | Feudal Age |
| 10:15 | Build | Farm |
| 10:22 | Build | Farm |
| 10:47 | Research | Wheelbarrow |
| 10:49 | Research | Town Watch |
| 10:51 | Create | Villager (Male) |
| 10:51 | Create | Villager (Male) |
| 10:52 | Create | Villager (Male) |
| 10:52 | Create | Villager (Male) |
| 10:52 | Create | Villager (Male) |
| 10:53 | Create | Villager (Male) |
| 10:53 | Create | Villager (Male) |
| 11:27 | Create | Villager (Male) |
| 11:27 | Create | Villager (Male) |
| 11:27 | Create | Villager (Male) |
| 11:28 | Create | Villager (Male) |
| 12:04 | Build | Farm |
| 12:14 | Build | Farm |
| 13:52 | Research | Double-Bit Axe |
| 13:57 | Research | Horse Collar |
| 14:20 | Create | Villager (Male) |
| 14:21 | Create | Villager (Male) |
| 14:21 | Create | Villager (Male) |
| 14:22 | Create | Villager (Male) |
| 15:00 | Build | Market |
| 15:44 | Create | Villager (Male) |
| 15:44 | Create | Villager (Male) |
| 15:45 | Create | Villager (Male) |
| 15:45 | Create | Villager (Male) |
| 15:46 | Create | Villager (Male) |
| 16:30 | Build | Blacksmith |
| 16:33 | Create | Trade Cart |
| 16:34 | Create | Trade Cart |
| 17:12 | Build | Mining Camp |
| 17:33 | Build | Mining Camp |
| 18:05 | Build | Barracks |
| 18:41 | Research | Castle Age |
| 19:27 | Build | Archery Range |
| 19:30 | Research | Man-at-Arms (upgrade) |
| 19:36 | Create | Villager (Male) |
| 20:05 | Create | Trade Cart |
| 20:05 | Create | Trade Cart |
| 20:28 | Build | Mining Camp |
| 20:31 | Create | Militia |
| 20:32 | Create | Militia |
| 20:32 | Create | Militia |
| 20:32 | Create | Militia |
| 20:33 | Create | Militia |
| 20:33 | Create | Militia |
| 20:33 | Create | Militia |
| 20:33 | Create | Militia |
| 20:34 | Create | Militia |
| 20:34 | Create | Militia |
| 20:43 | Create | Archer |
| 20:43 | Create | Archer |
| 20:44 | Create | Archer |
| 20:44 | Create | Archer |
| 20:45 | Create | Archer |
| 20:45 | Create | Archer |
| 20:45 | Create | Archer |
| 20:46 | Create | Archer |
| 20:47 | Create | Archer |
| 21:47 | Age | Castle Age |
| 21:54 | Research | Hand Cart |
| 22:52 | Create | Villager (Male) |
| 22:52 | Create | Villager (Male) |
| 22:53 | Create | Villager (Male) |
| 22:53 | Create | Villager (Male) |
| 22:53 | Create | Villager (Male) |
| 22:54 | Create | Villager (Male) |
| 23:24 | Research | Heavy Plow |
| 23:39 | Build | Farm |
| 23:51 | Build | Farm |
| 24:18 | Build | Farm |
| 24:48 | Build | Farm |
| 24:55 | Research | Town Patrol |
| 25:00 | Create | Villager (Male) |
| 25:00 | Create | Villager (Male) |
| 25:01 | Create | Villager (Male) |
| 25:01 | Create | Villager (Male) |
| 25:43 | Research | Crossbowman (upgrade) |
| 26:02 | Research | Bow Saw |
| 26:24 | Build | Farm |
| 26:39 | Build | Farm |
| 26:57 | Create | Villager (Male) |
| 26:57 | Create | Villager (Male) |
| 26:58 | Create | Villager (Male) |
| 26:58 | Create | Villager (Male) |
| 28:45 | Build | Farm |
| 28:50 | Build | Farm |
| 28:54 | Build | Farm |
| 28:59 | Build | Farm |
| 29:18 | Create | Villager (Male) |
| 29:19 | Create | Villager (Male) |
| 29:19 | Create | Villager (Male) |
| 29:19 | Create | Villager (Male) |
| 29:20 | Create | Villager (Male) |
| 29:22 | Create | Villager (Male) |
| 29:23 | Create | Villager (Male) |
| 29:23 | Create | Villager (Male) |
| 29:23 | Create | Villager (Male) |
| 29:24 | Create | Villager (Male) |
| 30:35 | Build | Town Center |
| 30:50 | Research | Long Swordsman (upgrade) |
| 30:53 | Create | Archer |
| 30:53 | Create | Archer |
| 30:54 | Create | Archer |
| 30:55 | Create | Archer |
| 30:55 | Create | Archer |
| 30:55 | Create | Archer |
| 30:55 | Create | Archer |
| 30:55 | Create | Archer |
Build order — LazyCalf5842256
First 150 of 906 actions detected
| 0:15 | Build | House |
| 0:27 | Build | House |
| 0:33 | Create | Villager (Male) ×4 |
| 0:33 | Create | Villager (Male) |
| 1:30 | Build | Lumber Camp |
| 1:47 | Create | Villager (Male) |
| 1:48 | Create | Villager (Male) |
| 2:35 | Create | Villager (Male) |
| 2:36 | Create | Villager (Male) |
| 2:36 | Create | Villager (Male) |
| 2:45 | Build | Mill |
| 6:00 | Research | Feudal Age |
| 7:00 | Build | Farm |
| 8:14 | Research | Double-Bit Axe |
| 8:21 | Research | Horse Collar |
| 8:27 | Research | Wheelbarrow |
| 8:31 | Create | Villager (Male) ×7 |
| 8:45 | Build | Market |
| 10:16 | Build | Mining Camp |
| 10:29 | Build | Mining Camp |
| 10:57 | Create | Villager (Male) ×5 |
| 10:57 | Create | Villager (Male) |
| 11:08 | Build | House |
| 11:12 | Build | House |
| 11:15 | Build | House |
| 11:21 | Build | House |
| 11:26 | Build | House |
| 11:32 | Build | House |
| 12:35 | Build | Mining Camp |
| 12:44 | Research | Gold Mining |
| 12:46 | Research | Stone Mining |
| 13:18 | Build | Blacksmith |
| 13:45 | Create | Villager (Male) ×4 |
| 13:45 | Create | Villager (Male) |
| 14:12 | Build | Farm |
| 14:12 | Build | Farm |
| 14:12 | Build | Farm |
| 14:12 | Build | Farm |
| 14:12 | Build | Farm |
| 14:12 | Build | Farm |
| 14:12 | Build | Farm |
| 14:12 | Build | Farm |
| 14:12 | Build | Farm |
| 14:12 | Build | Farm |
| 14:12 | Build | Farm |
| 14:12 | Build | Farm |
| 14:13 | Build | Farm |
| 14:13 | Build | Farm |
| 14:13 | Build | Farm |
| 14:13 | Build | Farm |
| 14:13 | Build | Farm |
| 14:13 | Build | Farm |
| 14:13 | Build | Farm |
| 14:13 | Build | Farm |
| 14:13 | Build | Farm |
| 14:13 | Build | Farm |
| 14:13 | Build | Farm |
| 14:13 | Build | Farm |
| 14:13 | Build | Farm |
| 14:13 | Build | Farm |
| 14:13 | Build | Farm |
| 14:13 | Build | Farm |
| 14:13 | Build | Farm |
| 14:14 | Build | Farm |
| 14:14 | Build | Farm |
| 14:14 | Build | Farm |
| 14:14 | Build | Farm |
| 14:14 | Build | Farm |
| 14:14 | Build | Farm |
| 14:14 | Build | Farm |
| 14:14 | Build | Farm |
| 14:14 | Build | Farm |
| 14:14 | Build | Farm |
| 14:14 | Build | Farm |
| 14:14 | Build | Farm |
| 14:14 | Build | Farm |
| 14:14 | Build | Farm |
| 14:14 | Build | Farm |
| 14:14 | Build | Farm |
| 14:14 | Build | Farm |
| 14:14 | Build | Farm |
| 14:14 | Build | Farm |
| 14:14 | Build | Farm |
| 14:14 | Build | Farm |
| 14:14 | Build | Farm |
| 14:14 | Build | Farm |
| 14:14 | Build | Farm |
| 14:14 | Build | Farm |
| 14:14 | Build | Farm |
| 14:14 | Build | Farm |
| 14:14 | Build | Farm |
| 14:14 | Build | Farm |
| 14:14 | Build | Farm |
| 14:14 | Build | Farm |
| 14:14 | Build | Farm |
| 14:14 | Build | Farm |
| 14:14 | Build | Farm |
| 14:15 | Build | Farm |
| 14:15 | Build | Farm |
| 14:15 | Build | Farm |
| 14:15 | Build | Farm |
| 14:15 | Build | Farm |
| 14:15 | Build | Farm |
| 14:15 | Build | Farm |
| 14:15 | Build | Farm |
| 14:15 | Build | Farm |
| 14:15 | Build | Farm |
| 14:15 | Build | Farm |
| 14:15 | Build | Farm |
| 14:15 | Build | Farm |
| 14:15 | Build | Farm |
| 14:15 | Build | Farm |
| 14:15 | Build | Farm |
| 14:15 | Build | Farm |
| 14:15 | Build | Farm |
| 14:16 | Build | Farm |
| 14:17 | Build | Farm |
| 14:17 | Build | Farm |
| 14:17 | Build | Farm |
| 14:17 | Build | Farm |
| 14:17 | Build | Farm |
| 14:17 | Build | Farm |
| 14:17 | Build | Farm |
| 14:17 | Build | Farm |
| 14:17 | Build | Farm |
| 14:17 | Build | Farm |
| 14:17 | Build | Farm |
| 14:17 | Build | Farm |
| 14:17 | Build | Farm |
| 14:17 | Build | Farm |
| 14:17 | Build | Farm |
| 14:17 | Build | Farm |
| 14:17 | Build | Farm |
| 14:21 | Build | Farm |
| 14:22 | Build | Farm |
| 14:22 | Build | Farm |
| 14:22 | Build | Farm |
| 14:22 | Build | Farm |
| 14:22 | Build | Farm |
| 14:22 | Build | Farm |
| 14:22 | Build | Farm |
| 14:22 | Build | Farm |
| 14:22 | Build | Farm |
| 14:22 | Build | Farm |
| 14:22 | Build | Farm |
| 14:22 | Build | Farm |
| 14:22 | Build | Farm |
| 14:22 | Build | Farm |
| 14:22 | Build | Farm |
| 14:22 | Build | Farm |
Build order — RiasSei
First 150 of 845 actions detected
| 0:01 | Create | Villager (Male) |
| 0:14 | Create | Villager (Male) |
| 0:14 | Create | Villager (Male) |
| 0:14 | Create | Villager (Male) |
| 0:15 | Create | Villager (Male) |
| 0:18 | Build | Lumber Camp |
| 1:09 | Create | Villager (Male) |
| 1:10 | Create | Villager (Male) |
| 1:10 | Create | Villager (Male) |
| 1:40 | Create | Villager (Male) |
| 1:40 | Create | Villager (Male) |
| 2:13 | Build | House |
| 2:39 | Build | House |
| 2:40 | Build | House |
| 2:44 | Create | Villager (Male) |
| 2:46 | Create | Villager (Male) |
| 2:59 | Create | Villager (Male) |
| 3:33 | Build | Mill |
| 3:34 | Create | Villager (Male) |
| 3:52 | Build | House |
| 3:58 | Create | Villager (Male) |
| 4:42 | Build | Farm |
| 4:43 | Build | Farm |
| 4:43 | Build | Farm |
| 4:43 | Build | Farm |
| 4:44 | Build | Farm |
| 5:03 | Create | Villager (Male) |
| 5:03 | Create | Villager (Male) |
| 5:42 | Build | Mining Camp |
| 5:50 | Create | Villager (Male) |
| 6:15 | Research | Feudal Age |
| 7:10 | Create | Villager (Male) |
| 7:10 | Create | Villager (Male) |
| 8:28 | Age | Feudal Age |
| 8:31 | Build | Market |
| 8:33 | Build | Blacksmith |
| 9:08 | Research | Double-Bit Axe |
| 9:25 | Research | Castle Age |
| 9:26 | Research | Castle Age |
| 9:47 | Research | Horse Collar |
| 9:48 | Research | Horse Collar |
| 10:26 | Create | Villager (Male) |
| 11:22 | Build | Farm |
| 11:24 | Build | Farm |
| 11:25 | Build | Farm |
| 11:30 | Build | Farm |
| 12:05 | Age | Castle Age |
| 12:08 | Build | Town Center |
| 12:11 | Build | Town Center |
| 12:16 | Research | Bow Saw |
| 12:17 | Create | Villager (Male) |
| 12:26 | Build | Farm |
| 12:28 | Build | Farm |
| 12:34 | Create | Villager (Male) |
| 13:07 | Create | Villager (Male) |
| 13:22 | Build | Monastery |
| 13:25 | Create | Villager (Male) |
| 13:26 | Create | Villager (Male) |
| 13:28 | Create | Villager (Male) |
| 13:28 | Create | Villager (Male) |
| 13:29 | Create | Villager (Male) |
| 13:32 | Create | Villager (Male) |
| 13:33 | Create | Villager (Male) |
| 13:33 | Create | Villager (Male) |
| 13:36 | Build | Farm |
| 13:37 | Build | Farm |
| 13:43 | Build | Farm |
| 13:45 | Create | Villager (Male) |
| 13:46 | Create | Villager (Male) |
| 13:55 | Build | Farm |
| 14:02 | Build | Farm |
| 14:07 | Create | Villager (Male) |
| 14:07 | Create | Villager (Male) |
| 14:11 | Create | Monk |
| 14:18 | Build | House |
| 14:35 | Create | Villager (Male) |
| 14:36 | Create | Villager (Male) |
| 14:36 | Create | Villager (Male) |
| 14:47 | Create | Villager (Male) |
| 14:47 | Create | Villager (Male) |
| 14:51 | Build | Farm |
| 14:56 | Build | Farm |
| 14:59 | Build | Farm |
| 15:00 | Build | Farm |
| 15:01 | Build | Farm |
| 15:05 | Create | Villager (Male) |
| 15:05 | Create | Villager (Male) |
| 15:08 | Build | House |
| 15:09 | Build | House |
| 15:11 | Create | Villager (Male) |
| 15:12 | Create | Villager (Male) |
| 15:21 | Create | Villager (Male) |
| 15:21 | Create | Villager (Male) |
| 15:37 | Create | Villager (Male) |
| 15:37 | Create | Villager (Male) |
| 15:42 | Build | Farm |
| 15:43 | Create | Villager (Male) |
| 15:43 | Create | Villager (Male) |
| 15:43 | Create | Villager (Male) |
| 15:46 | Build | Farm |
| 15:49 | Build | Farm |
| 15:56 | Create | Villager (Male) |
| 15:57 | Create | Villager (Male) |
| 16:05 | Create | Villager (Male) |
| 16:05 | Create | Villager (Male) |
| 16:09 | Build | Town Center |
| 16:13 | Build | House |
| 16:14 | Create | Villager (Male) |
| 16:14 | Create | Villager (Male) |
| 16:14 | Create | Villager (Male) |
| 16:18 | Build | Farm |
| 16:20 | Create | Villager (Male) |
| 16:25 | Build | Farm |
| 16:26 | Build | Farm |
| 16:29 | Build | Farm |
| 16:37 | Create | Villager (Male) |
| 16:37 | Create | Villager (Male) |
| 16:39 | Build | Farm |
| 16:40 | Create | Villager (Male) |
| 16:40 | Create | Villager (Male) |
| 16:44 | Create | Villager (Male) |
| 16:44 | Create | Villager (Male) |
| 16:44 | Create | Villager (Male) |
| 16:44 | Create | Villager (Male) |
| 16:45 | Create | Villager (Male) |
| 16:49 | Build | House |
| 16:51 | Build | House |
| 16:58 | Build | Farm |
| 17:11 | Research | Wheelbarrow |
| 17:12 | Research | Wheelbarrow |
| 17:13 | Create | Villager (Male) |
| 17:13 | Create | Villager (Male) |
| 17:13 | Create | Villager (Male) |
| 17:19 | Create | Villager (Male) |
| 17:19 | Create | Villager (Male) |
| 17:19 | Create | Villager (Male) |
| 17:25 | Build | Farm |
| 17:30 | Create | Villager (Male) |
| 17:30 | Create | Villager (Male) |
| 17:37 | Build | Farm |
| 17:38 | Build | Farm |
| 17:38 | Build | Farm |
| 17:39 | Create | Villager (Male) |
| 17:43 | Create | Villager (Male) |
| 17:43 | Create | Villager (Male) |
| 17:49 | Create | Villager (Male) |
| 17:49 | Create | Villager (Male) |
| 17:53 | Build | Farm |
| 17:56 | Build | House |
| 17:57 | Build | House |
Match timeline
| 8:28 | RiasSei · age_up feudal |
| 9:01 | Dr. Amiguinho · age_up feudal |
| 10:09 | Neo · age_up feudal |
| 10:20 | IsaacNewton · age_up feudal |
| 10:35 | IsaacNewton · wall_segment Palisade Wall x1 |
| 11:16 | EL GORDO FUERTE · age_up feudal |
| 12:05 | RiasSei · age_up castle |
| 12:20 | SHILLINHO · age_up feudal |
| 13:22 | RiasSei · first_building Monastery |
| 15:56 | Dr. Amiguinho · age_up castle |
| 16:43 | RiasSei · first_market_buy 100 food |
| 16:58 | Dr. Amiguinho · first_market_buy 100 wood |
| 17:09 | SHILLINHO · age_up castle |
| 17:17 | EL GORDO FUERTE · age_up castle |
| 17:20 | IsaacNewton · first_market_sell 100 food |
| 18:05 | Neo · first_building Barracks |
| 18:41 | SHILLINHO · first_building Monastery |
| 18:49 | LazyCalf5842256 · wall_segment Stone Wall x28 |
| 19:12 | LazyCalf5842256 · wall_segment Stone Wall x34 |
| 19:13 | IsaacNewton · age_up castle |
| 19:27 | Neo · first_building Archery Range |
| 21:47 | Dr. Amiguinho · first_building Monastery |
| 21:47 | Neo · age_up castle |
| 23:46 | IsaacNewton · first_market_buy 100 wood |
| 23:59 | RiasSei · first_building Siege Workshop |
| 25:24 | RiasSei · first_building Barracks |
| 25:28 | IsaacNewton · first_building Castle |
| 25:31 | RiasSei · first_building Castle |
| 26:33 | RiasSei · first_building Archery Range |
| 27:42 | EL GORDO FUERTE · first_building Barracks |
| 27:46 | RiasSei · first_market_sell 500 stone |
| 27:52 | LazyCalf5842256 · first_building Castle |
| 28:03 | RiasSei · age_up imperial |
| 28:17 | Dr. Amiguinho · first_building Barracks |
| 29:35 | IsaacNewton · first_building Stable |
| 29:53 | EL GORDO FUERTE · first_building Stable |
| 30:35 | IsaacNewton · wall_segment Stone Wall x24 |
| 30:43 | IsaacNewton · wall_segment Stone Wall x14 |
| 31:02 | SHILLINHO · first_building Barracks |
| 31:08 | IsaacNewton · wall_segment Stone Wall x12 |
| 31:18 | IsaacNewton · wall_segment Stone Wall x20 |
| 31:25 | SHILLINHO · first_building Castle |
| 31:37 | EL GORDO FUERTE · first_building Monastery |
| 32:32 | Neo · first_building Monastery |
| 32:33 | Dr. Amiguinho · first_building Castle |
| 32:54 | EL GORDO FUERTE · first_building Archery Range |
| 32:55 | SHILLINHO · first_building Archery Range |
| 32:58 | Dr. Amiguinho · age_up imperial |
| 33:02 | GBezerra7430 · first_market_buy 500 stone |
| 33:27 | GBezerra7430 · first_building Castle |
| 33:50 | Dr. Amiguinho · first_building Siege Workshop |
| 34:03 | Neo · first_building Stable |
| 34:09 | IsaacNewton · age_up imperial |
| 34:19 | LazyCalf5842256 · first_building Barracks |
| 34:23 | EL GORDO FUERTE · first_building Castle |
| 35:57 | Dr. Amiguinho · first_building Archery Range |
| 36:16 | Neo · first_building Siege Workshop |
| 37:25 | SHILLINHO · tribute_sent a jugador 1 |
| 37:25 | SHILLINHO · tribute_sent a jugador 2 |
| 37:25 | SHILLINHO · tribute_sent a jugador 3 |
| 37:25 | SHILLINHO · tribute_sent a jugador 5 |
| 37:25 | SHILLINHO · tribute_sent a jugador 6 |
| 37:25 | SHILLINHO · tribute_sent a jugador 7 |
| 37:25 | SHILLINHO · tribute_sent a jugador 8 |
| 37:28 | LazyCalf5842256 · first_building Archery Range |
| 38:02 | EL GORDO FUERTE · age_up imperial |
| 38:05 | SHILLINHO · first_market_buy 500 stone |
| 38:28 | IsaacNewton · first_building Siege Workshop |
| 38:38 | Neo · age_up imperial |
| 39:23 | Neo · first_building Castle |
| 40:21 | LazyCalf5842256 · first_building Siege Workshop |
| 41:23 | Neo · first_market_buy 500 wood |
| 43:39 | SHILLINHO · age_up imperial |
| 45:03 | IsaacNewton · wall_segment Stone Wall x17 |
| 46:22 | SHILLINHO · first_building Stable |
| 47:27 | SHILLINHO · resign |
| 48:14 | Neo · first_market_sell 500 food |
[ AI ANALYSIS · 1 CREDIT ]
What really happened in this match?
Wolo.gg analyzes every decision: build order, eco, micro, common mistakes by bracket. Personalized analysis on WhatsApp or Discord in 30 seconds.
Civ guide
Khmer
Map guide
Michi
Perfil
IsaacNewton